 Dungeon Crawl Stone Soup version 0.26.1-2-gb8aa6d0cf2 (webtiles) character file.

Game seed: 15381370625315767018

201 raph the Conjurer (level 5, 0/28 HPs)
             Began as a Tengu Conjurer on Mar 28, 2021.
             Killed by nerve-wracking pain
             ... invoked by an orc priest
              (8 damage)
             ... on level 4 of the Dungeon.
             The game lasted 00:06:29 (3692 turns).

raph the Conjurer (Tengu Conjurer)                  Turns: 3692, Time: 00:06:30

Health: 0/28       AC:  4    Str:  7    XL:     5   Next: 79%
Magic:  5/10       EV: 15    Int: 20    God:
Gold:   183        SH:  5    Dex: 12    Spells: 3/9 levels left

rFire    . . .     SeeInvis .   j - +1 short sword
rCold    . . .     Faith    .   f - +1 buckler
rNeg     . . .     Spirit   .   a - +0 robe
rPois    .         Reflect  .   (helmet restricted)
rElec    .         Harm     .   p - +1 cloak (curse)
rCorr    .         Rampage  .   (no gloves)
Will     .....                  (boots unavailable)
Stlth    ++........             (no amulet)
HPRegen  0.09/turn              (no ring)
MPRegen  0.12/turn              (no ring)

@: flying quickly and evasively, quick
A: beak, talons 3, able to fly
a: Stop Flying


You were on level 4 of the Dungeon.
You visited 1 branch of the dungeon, and saw 4 of its levels.

You collected 183 gold pieces.

Inventory:

Hand Weapons
 j - a +1 short sword (weapon)
Armour
 a - a +0 robe (worn)
 e - a +0 leather armour
 f - a +1 buckler (worn)
 p - a cursed +1 cloak (worn)
Scrolls
 b - 4 scrolls of teleportation
 c - 3 scrolls of identify
 k - a scroll of immolation
 l - a scroll of enchant weapon
 n - 2 scrolls of blinking
Potions
 d - a potion of cancellation
 g - a potion of attraction
 i - 4 potions of curing
 m - a potion of magic {unknown}
 o - a potion of brilliance {unknown}
 q - a potion of degeneration {unknown}


   Skills:
 + Level 3.2 Dodging
 + Level 3.1 Stealth
 + Level 1.5 Shields
 + Level 2.9 Spellcasting
 * Level 6.8 Conjurations


You had 3 spell levels left.
You knew the following spells:

 Your Spells              Type           Power        Failure   Level
a - Magic Dart            Conj           100%         1%          1
b - Searing Ray           Conj           60%          1%          2
c - Dazzling Flash        Conj/Hex       32%          14%         3

Your spell library contained the following spells:

 Spells                   Type           Power        Failure   Level
 Fulminant Prism          Conj/Hex       8%           43%         4
 Iskenderun's Mystic Bla  Conj/Tloc      16%          43%         4


Dungeon Overview and Level Annotations

Branches:
Dungeon (4/15)
 Temple: D:4-7

Altars:
Xom


Innate Abilities, Weirdness & Mutations

You have a beak for a mouth.
You have claws for feet.
You can fly continuously.


Message History

Beogh smites you!
* * * LOW HITPOINT WARNING * * *
Casting: Magic Dart (safe; 1% risk of failure)
Confirm with . or Enter, or press ? or * to list all spells.
Aiming: Searing Ray (safe; 1% risk of failure)
Press: ? - help, Shift-Dir - straight line, f - orc priest, p - orc priest
Aim: an orc priest, wielding a +0 club and wearing a +0 leather armour (21% to evade)
The searing ray hits the orc priest.
The orc priest is heavily wounded.
The searing ray hits the orc priest.
The orc priest is lightly wounded. (Press . to maintain the ray.)
An orc comes into view.
The searing ray hits the orc priest!
You kill the orc priest!
The searing ray hits the orc priest!
The orc priest is severely wounded.
The orc priest calls down the wrath of Beogh upon you.
Pain shoots through your body!
You die...

#.# #.# #.#
#.# #
#)##########.#
#.............
#.####.....#
#.####.o...#.#
#>....@).oo.o.
###........#.#
#...######
#...# #####


You could see 2 orc priests and 2 orcs.

Vanquished Creatures
  2 orc priests
  5 adders
  4 gnolls (D:3)
  An ooze (D:2)
  2 worms
  2 dart slugs
  4 leopard geckos
  4 orcs (D:3)
  5 giant cockroaches
  2 goblins
  9 hobgoblins
  6 jackals (D:1)
  6 kobolds
  7 bats
  3 frilled lizards
  7 rats
69 creatures vanquished.

Notes
Turn   | Place    | Note
-------+----------+-------------------------------------------
     0 | D:1      | raph the Tengu Conjurer began the quest for the Orb.
     0 | D:1      | Reached XP level 1. HP: 10/10 MP: 4/4
   172 | D:1      | Reached XP level 2. HP: 15/15 MP: 3/6
   209 | D:1      | Learned a level 2 spell: Searing Ray
   793 | D:1      | Reached XP level 3. HP: 19/19 MP: 2/7
  1378 | D:2      | Learned a level 3 spell: Dazzling Flash
  1584 | D:2      | Reached skill level 6 in Conjurations
  1868 | D:2      | Reached XP level 4. HP: 24/24 MP: 3/8
  1922 | D:2      | Found a shimmering altar of Xom.
  2200 | D:2      | Reached skill level 1 in Shields
  2447 | D:2      | Gained mutation: You can fly continuously. [Tengu growth]
  2447 | D:2      | Reached XP level 5. HP: 20/28 MP: 7/9
  3692 | D:4      | Killed from afar by an orc priest

Illustrated notes

Levels and vault maps discovered:
D:1:      scummos_arrival_gate, layout_basic, chequers_mini_garden,
          fountainhead, corexii_corridor_pit
D:2:      layout_loops_ring, tgw_xom, kennysheep_generic_room_10
D:3:      layout_loops_ring
D:4:      layout_basic, minmay_temple_entry_arrows

Skill      XL: |  1  2  3  4  5 |
---------------+----------------+-----
Conjurations   | 6 |  6.8
Shields        | 1 |  1.5
Dodging        | 3 |  3.2
Stealth        | 3 |  3.1
Spellcasting   | |  2.9

Action                   |  1- 3 |  4- 6 || total
-------------------------+-------+-------++-------
Melee: Unarmed           |    13 |       ||    13
       Kick              |     1 |     2 ||     3
       Short sword       |     2 |    16 ||    18
       Peck              |       |     2 ||     2
 Cast: Magic Dart        |    36 |    51 ||    87
       Searing Ray       |     6 |     8 ||    14
 Abil: Fly               |       |     1 ||     1
  Use: Scroll            |       |    13 ||    13
 Stab: Sleeping          |     1 |     1 ||     2
Armor: Robe              |     7 |     1 ||     8
Dodge: Dodged            |     9 |    23 ||    32
Block: Buckler           |     1 |     8 ||     9
